[Event "Late-Titled-Tuesday-Blitz-October-17-2023"]
[Site "Chess.com"]
[Date "2023.10.17"]
[Round "3"]
[White "Mikasinski"]
[Black "Beca95"]
[Result "1/2-1/2"]
[WhiteElo "2689"]
[BlackElo "2913"]
[TimeControl "180+1"]
[EndTime "14:25:09 PDT"]
[Termination "Game drawn by repetition"]

1. e4 e5 2. Nf3 Nc6 3. Nc3 Nf6 4. Bb5 Bd6 5. Bxc6 dxc6 6. d4 Bg4 7. dxe5 Bxf3 8.
Qxf3 Bxe5 9. Bf4 Qe7 10. Bxe5 Qxe5 11. O-O-O O-O 12. Qg3 Qxg3 13. hxg3 Rfe8 14. f3 Rad8 15. g4 h6 16. Rd2 Rxd2 17. Kxd2 Nd7 18. Ke3 Ne5 19.
b3 b6 20. Rd1 g5 21. Ne2 Kg7 22.
Ng3 Kg6 23. Nf5 a5 24. a4 Rh8 25. Rh1 f6 26. Ke2 Rh7 27. Rd1 Rh8 28. Ke3 Kf7 29. Rh1 Kg6 30. Rd1 Kf7 31. Rh1 Kg6 1/2-1/2

[Event "Late-Titled-Tuesday-Blitz-October-17-2023"]
[Site "Chess.com"]
[Date "2023.10.17"]
[Round "3"]
[White "zajka-molotok"]
[Black "jamengrand"]
[Result "1-0"]
[WhiteElo "2558"]
[BlackElo "2336"]
[TimeControl "180+1"]
[EndTime "14:25:15 PDT"]
[Termination "zajka-molotok won by resignation"]

1. e4 e5 2. Nf3 Nc6 3. Nc3 Nf6 4. Bb5 Nd4 5. O-O Nxb5 6. Nxb5 c6 7. Nc3 d6 8. d4 Qc7 9. Bg5 Be7 10. a4 a5 11. Qd3 O-O 12. h3 b6 13. Rfd1 Ba6 14.
Qd2 Rad8 15. d5 c5 16. Nh4 Nh5 17. Nf5 f6 18. Be3 Bc8 19. g4 Nf4 20. Bxf4 exf4 21. Qxf4 g6 22. Nb5 Qb8 23. Nxe7+ 1-0

[Event "Late-Titled-Tuesday-Blitz-October-17-2023"]
[Site "Chess.com"]
[Date "2023.10.17"]
[Round "3"]
[White "Marcin"]
[Black "Tiqr777"]
[Result "0-1"]
[WhiteElo "2433"]
[BlackElo "2627"]
[TimeControl "180+1"]
[EndTime "14:25:29 PDT"]
[Termination "Tiqr777 won by resignation"]

1. d4 Nf6 2. c4 c5 3. d5 e6 4. Nc3 exd5 5. cxd5 d6 6. e4 g6 7. f4 Bg7 8. Bb5+ Nfd7 9. a4 O-O 10. Nf3 Na6 11. O-O Nb4 12. h3 a6 13. Bc4 Rb8 14. Re1 Qc7 15. e5 dxe5 16. d6 Qc6 17. fxe5 b5 18. Bd5 Nxd5 19. Nxd5 Kh8 20. axb5 axb5 21. Bg5 Bb7 22. Ne7 Qb6 23. Qd2 Bxf3 24. gxf3 Nxe5 25. Rxe5 Bxe5 26. Rd1 f6 27. Qd5 c4+ 28.
Kg2 Qxd6 0-1

[Event "Late-Titled-Tuesday-Blitz-October-17-2023"]
[Site "Chess.com"]
[Date "2023.10.17"]
[Round "3"]
[White "stefan_95"]
[Black "vugarrasulov"]
[Result "0-1"]
[WhiteElo "2716"]
[BlackElo "2966"]
[TimeControl "180+1"]
[EndTime "14:25:35 PDT"]
[Termination "vugarrasulov won by resignation"]

1. d4 Nf6 2. Nf3 c5 3. d5 e6 4. c4 exd5 5. cxd5 d6 6. Nc3 g6 7. h3 Bg7 8. Bf4 O-O 9. e3 Na6 10. Be2 Nc7 11. e4 b5 12. Nd2 b4 13. Na4 Re8 14.
f3 Ncxd5 15. exd5 Nxd5 16. Bh2 Ne3 17. Qb3 Nxg2+ 18. Kf2 Bd4+ 19. Kxg2 Rxe2+ 20. Kf1 Rxd2 21. Qd5 Qe7 22. Qe4 Ba6+ 23. Ke1 Re2+ 0-1

[Event "Late-Titled-Tuesday-Blitz-October-17-2023"]
[Site "Chess.com"]
[Date "2023.10.17"]
[Round "3"]
[White "The_Princess_Moon"]
[Black "SaqoChess_Twitch"]
[Result "0-1"]
[WhiteElo "2328"]
[BlackElo "2583"]
[TimeControl "180+1"]
[EndTime "14:25:39 PDT"]
[Termination "SaqoChess_Twitch won by resignation"]

1. e4 c5 2. Nf3 d6 3. c3 Nf6 4. h3 g6 5. Bd3 Bg7 6. Bc2 O-O 7.
O-O Nc6 8. Re1 d5 9. e5 Nd7 10. d4 f6 11. e6 Ndb8 12. dxc5 Na6 13. b4 Nc7 14. Bb3 Bxe6 15. b5 Ne5 16. b6 axb6 17.
cxb6 Nb5 18. Nd4 Bd7 19. Nxb5 Bxb5 20. Bxd5+ Kh8 21. Bxb7 Rb8 22. Be4 Qxb6 23. Be3 Qa6 24. a4 Bc4 25. Nd2 Rfd8 26. Qc2 Bd3 27. Bxd3 Nxd3 28.
Reb1 Rbc8 29. a5 f5 30. Rb6 Qa8 31. Ra3 f4 32. c4 fxe3 33. Ne4 exf2+ 34. Nxf2 Nxf2 35.
Kxf2 Bd4+ 36. Kf1 Rf8+ 0-1

[Event "Late-Titled-Tuesday-Blitz-October-17-2023"]
[Site "Chess.com"]
[Date "2023.10.17"]
[Round "3"]
[White "Elsa167"]
[Black "Dhaydon19"]
[Result "1-0"]
[WhiteElo "2811"]
[BlackElo "2529"]
[TimeControl "180+1"]
[EndTime "14:25:42 PDT"]
[Termination "Elsa167 won by resignation"]

1. d4 Nf6 2. c4 e6 3. Nf3 b6 4.
Bf4 Bb7 5. e3 Bb4+ 6. Nfd2 c5 7.
a3 Bxd2+ 8. Qxd2 d6 9. dxc5 Ne4 10. Qc2 e5 11. Bg3 dxc5 12. Bd3 Nxg3 13. hxg3 Nd7 14. Be4 Bxe4 15. Qxe4 h6 16. Nc3 O-O 17. O-O-O Qe7 18. Qb7 Rad8 19. Rd2 f5 20. Rhd1 Rf7 21. Qxa7 Qe6 22. Qc7 Qe7 23. Nd5 Qf8 24. Nxb6 Nxb6 25. Qxd8 Nxc4 26. Qxf8+ Rxf8 27. Rd8 1-0

[Event "Late-Titled-Tuesday-Blitz-October-17-2023"]
[Site "Chess.com"]
[Date "2023.10.17"]
[Round "3"]
[White "Genghis_K"]
[Black "ferdipy"]
[Result "1-0"]
[WhiteElo "2856"]
[BlackElo "2379"]
[TimeControl "180+1"]
[EndTime "14:25:48 PDT"]
[Termination "Genghis_K won by resignation"]

1. e4 e6 2. d4 d5 3. Nc3 Bb4 4. Ne2 Nf6 5. e5 Nfd7 6. a3 Be7 7. f4 c5 8. Be3 Nc6 9. Qd2 a6 10. dxc5 Bxc5 11. O-O-O Bxe3 12. Qxe3 Qb6 13. Qg3 g6 14. h4 h5 15. Qf3 Nc5 16. b4 Nd7 17. g4 hxg4 18.
Qxg4 Qe3+ 19. Kb1 d4 20. Rh3 Qf2 21. Ne4 Ndxe5 22. fxe5 Nxe5 23. Qg5 Qf5 24. Nd6+ 1-0

[Event "Late-Titled-Tuesday-Blitz-October-17-2023"]
[Site "Chess.com"]
[Date "2023.10.17"]
[Round "3"]
[White "KVAIDAN"]
[Black "victormago"]
[Result "0-1"]
[WhiteElo "2278"]
[BlackElo "2450"]
[TimeControl "180+1"]
[EndTime "14:26:02 PDT"]
[Termination "victormago won by checkmate"]

1. f4 Nf6 2. Nf3 g6 3. d3 Bg7 4. e4 d6 5. Nc3 O-O 6. Be2 Nc6 7. O-O e5 8. Qe1 exf4 9. Bxf4 h6 10. Qd2 Kh7 11.
Rae1 Be6 12. d4 d5 13. e5 Ne4 14.
Qe3 Nxc3 15. Qxc3 a6 16. a4 Rc8 17. b4 Ne7 18. Qd2 c6 19. c3 Nf5 20. g4 Nh4 21. h3 Nxf3+ 22. Bxf3 a5 23. Rf2 b6 24. Ref1 c5 25.
dxc5 bxc5 26. b5 d4 27. cxd4 cxd4 28. Bc6 Bd5 29. Bxd5 Qxd5 30. Rd1 Bxe5 31. Bxe5 Qxe5 32. Qxd4 Qg3+ 33. Rg2 Qxh3 34. b6 Rcd8 35. Qc5 Rxd1+ 36. Kf2 Rd2+ 37. Ke1 Rxg2 38. Qxf8 Qh1# 0-1

[Event "Late-Titled-Tuesday-Blitz-October-17-2023"]
[Site "Chess.com"]
[Date "2023.10.17"]
[Round "3"]
[White "Walter_White_Poland"]
[Black "Chessdreamer2020"]
[Result "0-1"]
[WhiteElo "2322"]
[BlackElo "2495"]
[TimeControl "180+1"]
[EndTime "14:26:29 PDT"]
[Termination "Chessdreamer2020 won by resignation"]

1. e4 d6 2. d4 Nf6 3. Nc3 c6 4. a4 e5 5. dxe5 dxe5 6. Qxd8+ Kxd8 7. Bc4 Bb4 8. Bg5 Ke7 9. f4 h6 10. fxe5 hxg5 11. exf6+ gxf6 12. Nf3 Be6 13. Bxe6 fxe6 14. e5 Nd7 15. exf6+ Nxf6 16. O-O g4 17. Ne5 Rh6 18. Rxf6 Rxf6 19. Nxg4 Rf4 20. h3 Rd8 21. Ne2 Bc5+ 22. Kh1 Rxg4 0-1

[Event "Late-Titled-Tuesday-Blitz-October-17-2023"]
[Site "Chess.com"]
[Date "2023.10.17"]
[Round "3"]
[White "Elbebiber"]
[Black "Jarming"]
[Result "0-1"]
[WhiteElo "2144"]
[BlackElo "2785"]
[TimeControl "180+1"]
[EndTime "14:26:37 PDT"]
[Termination "Jarming won by resignation"]

1. d4 Nf6 2. Bg5 d5 3. Bxf6 gxf6 4. e3 c5 5. Nf3 Nc6 6. c4 cxd4 7. Nxd4 Qb6 8. cxd5 Nxd4 9. Qxd4 Qxd4 10. exd4 a6 11. Nc3 b5 12. g3 Bb7 13. Bg2 O-O-O 14. O-O f5 15. Rfc1 Kb8 16. f4 Bg7 17. Rd1 b4 18. Na4 Bxd5 19. Nc5 Ka7 20. Bf1 Bf3 21. Rd3 Bxd4+ 22.
Rxd4 Rxd4 23. Nb3 Rd1 24. Rxd1 Bxd1 25. Kf2 Bxb3 26. axb3 e6 27. Bc4 a5 28. Ke3 Kb6 29. Kd3 Kc5 30. Ke3 a4 0-1

[Event "Late-Titled-Tuesday-Blitz-October-17-2023"]
[Site "Chess.com"]
[Date "2023.10.17"]
[Round "3"]
[White "Schwindle"]
[Black "karinachess1"]
[Result "0-1"]
[WhiteElo "2402"]
[BlackElo "2607"]
[TimeControl "180+1"]
[EndTime "14:26:48 PDT"]
[Termination "karinachess1 won by resignation"]

1. e4 e5 2. Nf3 Nc6 3. Bb5 Nf6 4.
d3 d6 5. c3 Bd7 6. O-O g6 7.
h3 Bg7 8. Re1 O-O 9. a4 a6 10.
Bc4 Kh8 11. d4 Nh5 12. Na3 Qe8 13. Nc2 f5 14. exf5 gxf5 15. Ng5 Qg6 16. d5 Ne7 17. Ne6 Bxe6 18. dxe6 Nf6 19. Nb4 Rad8 20. Bb3 c6 21. c4 Ne4 22. Bc2 Nc5 23. f4 Nxe6 24. fxe5 dxe5 25. Qf3 Nd4 26. Qf2 e4 27. Bf4 Nf3+ 28.
Kh1 Nxe1 29. Rxe1 Bxb2 30. Bxe4 Bd4 0-1

[Event "Late-Titled-Tuesday-Blitz-October-17-2023"]
[Site "Chess.com"]
[Date "2023.10.17"]
[Round "3"]
[White "TheMagician"]
[Black "egnfanclub"]
[Result "1-0"]
[WhiteElo "2184"]
[BlackElo "2364"]
[TimeControl "180+1"]
[EndTime "14:26:51 PDT"]
[Termination "TheMagician won by resignation"]

1. d4 d5 2. c4 c6 3. e3 Nf6 4. Nc3 e6 5. a3 Nbd7 6. f4 dxc4 7.
Bxc4 c5 8. d5 exd5 9. Nxd5 a6 10. Nxf6+ Qxf6 11. e4 Nb6 12. Bd3 c4 13. Bc2 Bc5 14. Nf3 Bg4 15. Qe2 O-O 16. e5 Qe7 17. Be3 Bxf3 18. Qxf3 Bxe3 19. Qxe3 f5 20. Qxb6 1-0

[Event "Late-Titled-Tuesday-Blitz-October-17-2023"]
[Site "Chess.com"]
[Date "2023.10.17"]
[Round "3"]
[White "LuisFSiles"]
[Black "angryspacevoid"]
[Result "0-1"]
[WhiteElo "2295"]
[BlackElo "2463"]
[TimeControl "180+1"]
[EndTime "14:26:55 PDT"]
[Termination "angryspacevoid won on time"]

1. e4 c5 2. Nf3 Nf6 3. Nc3 e6 4. d4 d5 5. exd5 Nxd5 6. Nxd5 Qxd5 7. c4 Qh5 8. Be2 cxd4 9. O-O Bd6 10. Qxd4 Bf8 11. Re1 Nc6 12. Qe4 Be7 13. Nd4 Qe5 14. Qxe5 Nxe5 15. Bd2 O-O 16. Bc3 Bd7 17. Nxe6 fxe6 18.
Bxe5 Bc5 19. Bg3 Bc6 20. Rad1 Rf7 21. Bh5 g6 22. Bg4 Kf8 23. Bxe6 Re7 24. Bd6 Bxd6 25.
Rxd6 Rae8 26. f4 Bd7 27. f5 gxf5 28. Bxd7 Rxe1+ 29. Kf2 R8e2+ 30. Kg3 Rxb2 0-1

[Event "Late-Titled-Tuesday-Blitz-October-17-2023"]
[Site "Chess.com"]
[Date "2023.10.17"]
[Round "3"]
[White "azikom"]
[Black "Chessbard1972"]
[Result "1-0"]
[WhiteElo "2610"]
[BlackElo "2328"]
[TimeControl "180+1"]
[EndTime "14:27:02 PDT"]
[Termination "azikom won by resignation"]

1. c4 e5 2. Nc3 Nc6 3. e3 f5 4. d4 Nf6 5. Nf3 e4 6. Nd2 g6 7.
Be2 Bg7 8. O-O d6 9. b4 O-O 10. b5 Ne7 11. a4 g5 12. Ba3 Ng6 13. c5 d5 14. c6 Rf7 15. cxb7 Bxb7 16. Nb3 f4 17.
Na5 Rb8 18. Nxb7 Rxb7 19. Rc1 Nh4 20. Bg4 Qe8 21. Bh5 Nxh5 22. Qxh5 Qd8 23. Bc5 Bf8 24. Bxf8 Rxf8 25. exf4 Rxf4 26. Rfe1 Rb6 27. Nxd5 Qxd5 28. Rxc7 Rg6 29. Qxh7+ Kf8 30. Rc8+ 1-0

[Event "Late-Titled-Tuesday-Blitz-October-17-2023"]
[Site "Chess.com"]
[Date "2023.10.17"]
[Round "3"]
[White "sari07"]
[Black "nochewycandy"]
[Result "0-1"]
[WhiteElo "2332"]
[BlackElo "2720"]
[TimeControl "180+1"]
[EndTime "14:27:03 PDT"]
[Termination "nochewycandy won by resignation"]

1. Nf3 g6 2. c4 Bg7 3. Nc3 e5 4. d4 exd4 5. Nxd4 Nf6 6. Bg5 h6 7. Bh4 O-O 8. Qd2 Re8 9. O-O-O d6 10. f3 Nbd7 11. e4 c6 12. Bg3 Ne5 13. Nc2 Be6 14. Ne3 Qa5 15. Qxd6 Nfd7 16. Be2 Nc5 17. Bxe5 Bxe5 18. Qd2 b5 19. cxb5 Bxa2 20. Nxa2 Nb3+ 21. Kb1 Nxd2+ 22. Rxd2 Qxd2 0-1

[Event "Late-Titled-Tuesday-Blitz-October-17-2023"]
[Site "Chess.com"]
[Date "2023.10.17"]
[Round "3"]
[White "GadimbayliA"]
[Black "Jospem"]
[Result "0-1"]
[WhiteElo "2833"]
[BlackElo "3137"]
[TimeControl "180+1"]
[EndTime "14:27:09 PDT"]
[Termination "Jospem won by resignation"]

1. Nf3 Nf6 2. Nc3 e6 3. e4 d5 4.
e5 Nfd7 5. d4 c5 6. Be3 Nc6 7.
Bb5 a6 8. Bxc6 bxc6 9. O-O cxd4 10. Nxd4 c5 11. Nxe6 fxe6 12. Nxd5 exd5 13. Qxd5 Nb6 14. Qc6+ Bd7 15. Qe4 Qc8 16. Rad1 Qc6 17. Qf4 Be6 18. Qg3 Nd5 19. Bg5 c4 20. b3 Bb4 21. a3 Bc5 22. bxc4 Nb6 23. Kh1 O-O 24. Bf6 Ra7 25. f4 Bf5 26.
Qg5 Qe6 27. h3 h6 28. Qh4 Nxc4 0-1

[Event "Late-Titled-Tuesday-Blitz-October-17-2023"]
[Site "Chess.com"]
[Date "2023.10.17"]
[Round "3"]
[White "AlexNovitz"]
[Black "dosto07"]
[Result "1/2-1/2"]
[WhiteElo "2223"]
[BlackElo "2514"]
[TimeControl "180+1"]
[EndTime "14:27:14 PDT"]
[Termination "Game drawn - insufficient material"]

1. e4 e5 2. Nf3 Nc6 3. Bb5 a6 4. Ba4 Nf6 5. O-O Be7 6. Re1 b5 7. Bb3 d6 8. c3 O-O 9. h3 Bb7 10. d4 Re8 11. Ng5 Rf8 12. Nf3 h6 13. Nbd2 Re8 14. Nf1 Bf8 15. d5 Na5 16. Bc2 c6 17. dxc6 Bxc6 18. g4 Nc4 19. b3 Nb6 20. Ng3 d5 21.
Bb2 dxe4 22. Nxe4 Nxe4 23. Bxe4 Bxe4 24. Rxe4 Qxd1+ 25. Rxd1 f6 26. h4 Rad8 27. Rxd8 Rxd8 28. g5 hxg5 29. hxg5 Kf7 30. gxf6 gxf6 31. Re2 Rd3 32. Kg2 Nd5 33. Rxe5 Nf4+ 34. Kg3 Rxf3+ 35. Kxf3 fxe5 36.
c4 Nd3 37. Bc3 bxc4 38. bxc4 Bc5 39. Ke4 Nxf2+ 40. Kxe5 Ke7 41. Kd5 Nd3 42. Bd4 Bxd4 43. Kxd4 Nb4 44. Kc5 Nxa2 45. Kb6 Nb4 46. Ka5 Kd6 47.
Kxb4 Kc6 48. Ka5 Kc5 49. Kxa6 Kxc4 1/2-1/2

[Event "Late-Titled-Tuesday-Blitz-October-17-2023"]
[Site "Chess.com"]
[Date "2023.10.17"]
[Round "3"]
[White "kirillshevchenko"]
[Black "Russian_berezka"]
[Result "0-1"]
[WhiteElo "2911"]
[BlackElo "2701"]
[TimeControl "180+1"]
[EndTime "14:27:15 PDT"]
[Termination "Russian_berezka won by resignation"]

1. e4 c5 2. a3 d5 3. exd5 Qxd5 4. Nc3 Qd8 5. b4 cxb4 6. axb4 Nf6 7. Nf3 Bg4 8. h3 Bh5 9. Bb5+ Nbd7 10. g4 Bg6 11. g5 a6 12. Ba4 Ne4 13. Ne5 b5 14. Nxe4 Nxe5 15. Ng3 bxa4 16. Bb2 Qd5 17. f4 Qg2 18.
Ra3 Nd3+ 19. Rxd3 Bxd3 20. Qg4 Bf5 21. Qxf5 Qxg3+ 22. Kf1 Qf3+ 23. Kg1 Qd1+ 24. Kg2 Qxd2+ 25. Kf3 e6 26. Qa5 Qd5+ 0-1

[Event "Late-Titled-Tuesday-Blitz-October-17-2023"]
[Site "Chess.com"]
[Date "2023.10.17"]
[Round "3"]
[White "JonasGallasch"]
[Black "Vigg-Sama"]
[Result "0-1"]
[WhiteElo "2369"]
[BlackElo "2201"]
[TimeControl "180+1"]
[EndTime "14:27:15 PDT"]
[Termination "Vigg-Sama won by resignation"]

1. b4 e5 2. a3 d5 3. Bb2 Bd6 4. e3 Nf6 5. c4 d4 6. exd4 exd4 7. Bxd4 Bxb4 8. axb4 Qxd4 9. Nc3 O-O 10. Be2 Re8 11.
Qb3 Bg4 12. h3 Bxe2 13. Ngxe2 Nc6 14. O-O Qxd2 15. Rfd1 Qg5 16. b5 Ne5 17. Ng3 Qg6 18. c5 Nd3 19. Qc2 Nxc5 20. Qxg6 hxg6 21. Rdc1 Nd3 22.
Rc2 Nb4 23. Rb2 Nbd5 24. Rc1 a6 25. bxa6 bxa6 26. Na4 Reb8 27. Rcb1 Rxb2 28. Rxb2 Nb6 29. Ne2 Nxa4 0-1

[Event "Late-Titled-Tuesday-Blitz-October-17-2023"]
[Site "Chess.com"]
[Date "2023.10.17"]
[Round "3"]
[White "tptagain"]
[Black "ArtemDyachuk"]
[Result "1-0"]
[WhiteElo "2908"]
[BlackElo "2678"]
[TimeControl "180+1"]
[EndTime "14:27:21 PDT"]
[Termination "tptagain won by resignation"]

1. d4 Nf6 2. Nf3 e6 3. Bg5 Be7 4. Nbd2 h6 5. Bxf6 Bxf6 6. e4 d6 7. e5 dxe5 8. dxe5 Be7 9. Bd3 O-O 10. Qe2 Qd5 11. c4 Qa5 12. Qe4 g6 13. h4 h5 14. g4 hxg4 15. Qxg4 Bb4 16. Bxg6 Bxd2+ 17. Kf1 Rd8 18. Rg1 Kf8 19. Bxf7 Ke7 20. Qg7 Kd7 21. Nd4 Re8 22. Bxe6+ 1-0

[Event "Late-Titled-Tuesday-Blitz-October-17-2023"]
[Site "Chess.com"]
[Date "2023.10.17"]
[Round "3"]
[White "alexrustemov"]
[Black "santosalberto1987"]
[Result "1-0"]
[WhiteElo "2822"]
[BlackElo "2413"]
[TimeControl "180+1"]
[EndTime "14:27:22 PDT"]
[Termination "alexrustemov won on time"]

1. d4 d5 2. c4 c6 3. Nc3 Nf6 4. e3 a6 5. Qc2 b5 6. b3 e6 7.
Nf3 Nbd7 8. Bd3 Bb7 9. O-O Be7 10. Bb2 O-O 11. c5 h6 12. h3 a5 13. a3 Qc7 14.
Ne2 Ba6 15. b4 axb4 16. axb4 Bb7 17. Ne5 Nxe5 18. dxe5 Nd7 19. f4 Rxa1 20. Bxa1 Ra8 21. Nd4 Qb8 22. Bb2 Ra4 23. Qc3 Nf8 24. Bc2 Ra8 25.
Qd3 Ra2 26. Qc3 Qc7 27. Bb1 Ra8 28. Qd3 Bc8 29. g4 f6 30. Nf3 f5 31. gxf5 exf5 32. Nd4 g6 33. Kh2 Kh7 34. Rg1 Be6 35.
Nxe6 Nxe6 36. Rxg6 Kxg6 37. Qxf5+ Kg7 38. Qxe6 Rg8 39. Qf5 Qd8 40. e6+ Bf6 41. Qg6+ Kf8 42. Qxf6+ Qxf6 43. Bxf6 1-0

[Event "Late-Titled-Tuesday-Blitz-October-17-2023"]
[Site "Chess.com"]
[Date "2023.10.17"]
[Round "3"]
[White "2346PL"]
[Black "kiwibobo"]
[Result "0-1"]
[WhiteElo "2515"]
[BlackElo "2305"]
[TimeControl "180+1"]
[EndTime "14:27:24 PDT"]
[Termination "kiwibobo won by resignation"]

1. Nf3 Nf6 2. g3 g6 3. Bg2 Bg7 4. O-O O-O 5. d4 d5 6. c4 c6 7. b3 dxc4 8. bxc4 c5 9. Bb2 cxd4 10. Nxd4 Qb6 11. Qb3 Nbd7 12. Nd2 Nc5 13. Qxb6 axb6 14. Nb5 Na4 15. Be5 Bg4 16. Rfe1 Nc5 17. h3 Bf5 18. Nb3 Nce4 19. N3d4 Bd7 20. a4 Rfc8 21. Bxf6 Bxf6 22. Bxe4 Rxc4 23. e3 e5 24. Nf3 Rxe4 25. Red1 Bxh3 26. Nd6 Rexa4 27. Rxa4 Rxa4 28. Nxb7 Bg4 29. Kg2 e4 30. Rd6 Bxf3+ 31. Kh2 Ra1 32. g4 Be5+ 0-1

[Event "Late-Titled-Tuesday-Blitz-October-17-2023"]
[Site "Chess.com"]
[Date "2023.10.17"]
[Round "3"]
[White "Zhigalko_Sergei"]
[Black "The_Machine04"]
[Result "1-0"]
[WhiteElo "2955"]
[BlackElo "2712"]
[TimeControl "180+1"]
[EndTime "14:27:26 PDT"]
[Termination "Zhigalko_Sergei won by resignation"]

1. e4 d6 2. d4 Nf6 3. Nc3 e5 4. Nf3 Nbd7 5. Bc4 Be7 6. O-O c6 7. a4 h6 8. Re1 Qc7 9. Bd3 Nf8 10.
Ne2 Nh5 11. Ng3 Nxg3 12. hxg3 Ng6 13. Be3 O-O 14. c3 Re8 15. Qc2 Nf8 16. Rad1 a5 17. Bc4 Be6 18. Qb3 Bxc4 19. Qxc4 Ne6 20. Qb3 Bg5 21. d5 Bxe3 22. Rxe3 Nc5 23. Qc4 Red8 24.
Nh4 g6 25. dxc6 Qxc6 26. Nxg6 Qxa4 27. Qd5 Qb3 28. Ne7+ Kf8 29. Qxb3 Nxb3 30. Nf5 a4 31. Nxh6 Ke7 32. Rf3 f6 33. Ng4 Rf8 34. Ne3 Ra6 35. Nd5+ Kd7 36. Nxf6+ Kc6 37. Nd5 Rxf3 38. gxf3 Ra8 39. f4 Nc5 40. f3 Rg8 41. Ne7+ 1-0

[Event "Late-Titled-Tuesday-Blitz-October-17-2023"]
[Site "Chess.com"]
[Date "2023.10.17"]
[Round "3"]
[White "ValeriyGrinev"]
[Black "GMKrikor"]
[Result "0-1"]
[WhiteElo "2581"]
[BlackElo "2836"]
[TimeControl "180+1"]
[EndTime "14:27:27 PDT"]
[Termination "GMKrikor won by checkmate"]

1. d4 Nf6 2. c4 g6 3. Nc3 d5 4. Nf3 Bg7 5. cxd5 Nxd5 6. e4 Nxc3 7. bxc3 c5 8. h3 O-O 9. Be2 Qc7 10. O-O b6 11.
Be3 Bb7 12. Qd3 Ba6 13. Qd2 Bxe2 14. Qxe2 Nd7 15. Rac1 Rac8 16. d5 e6 17. c4 exd5 18. cxd5 Rfe8 19. Qc2 Nf6 20. d6 Qb7 21. e5 Nd7 22. Qa4 b5 23. Qh4 Bxe5 24. Nxe5 Rxe5 25. Rfd1 Rce8 26. Rd2 a6 27. Qg3 f6 28. Kh2 c4 29.
Bd4 Rg5 30. Qf4 Qxg2# 0-1

[Event "Late-Titled-Tuesday-Blitz-October-17-2023"]
[Site "Chess.com"]
[Date "2023.10.17"]
[Round "3"]
[White "Payyappat"]
[Black "whiteglovethief"]
[Result "1-0"]
[WhiteElo "2478"]
[BlackElo "2630"]
[TimeControl "180+1"]
[EndTime "14:27:28 PDT"]
[Termination "Payyappat won by checkmate"]

1. e4 e6 2. d4 d5 3. Nc3 Bb4 4. e5 Ne7 5. a3 Bxc3+ 6. bxc3 c5 7.
Qg4 Qc7 8. Qxg7 Rg8 9. Qxh7 cxd4 10. Ne2 dxc3 11. f4 Nbc6 12. Qd3 d4 13. Nxd4 Nxd4 14. Qxd4 Bd7 15. Be3 Nf5 16. Qd3 O-O-O 17. Bxa7 Bc6 18. Qe2 Nd4 19. Bxd4 Rxd4 20. Qf2 Re4+ 21.
Kd1 Rd8+ 22. Bd3 Ba4 23. Kc1 Red4 24. Rb1 b5 25. Rb4 Rxb4 26. axb4 Bb3 27. Qc5 Qxc5 28. bxc5 b4 29. Ba6+ Kc7 30. cxb3 Rd2 31. h4 Rb2 32. Bd3 Rxb3 33. Rh3 Ra3 34. Bb1 Ra8 35. h5 Rg8 36. g3 Kc6 37. h6 Kxc5 38. h7 Rh8 39. g4 Kd4 40. Rd3+ Kc4 41. Rd7 b3 42. Bd3+ Kb4 43.
Rb7+ Ka3 44. Bc4 b2+ 45. Kc2 Rxh7 46. Kxc3 Rh3+ 47. Bd3 b1=Q 48. Ra7# 1-0

[Event "Late-Titled-Tuesday-Blitz-October-17-2023"]
[Site "Chess.com"]
[Date "2023.10.17"]
[Round "3"]
[White "NotFischer"]
[Black "SergioMoralesG"]
[Result "0-1"]
[WhiteElo "2259"]
[BlackElo "2434"]
[TimeControl "180+1"]
[EndTime "14:27:28 PDT"]
[Termination "SergioMoralesG won by checkmate"]

1. b4 e5 2. Bb2 Bxb4 3. Bxe5 Nf6 4. e3 O-O 5. c3 Be7 6. d4 d6 7. Bxf6 Bxf6 8. Bd3 c5 9. Ne2 Nc6 10. O-O Bg4 11.
Qc2 h6 12. Nd2 Re8 13. Rab1 cxd4 14. cxd4 Bxe2 15. Bxe2 Nxd4 16. exd4 Rxe2 17. Rxb7 Qa5 18. Rd1 Rae8 19. h3 Qd5 20. Qb3 Qxd4 21. Qxf7+ Kh8 22. Qg6 Re1+ 23. Kh2 Be5+ 24. f4 Bxf4+ 25. g3 Qf2# 0-1

[Event "Late-Titled-Tuesday-Blitz-October-17-2023"]
[Site "Chess.com"]
[Date "2023.10.17"]
[Round "3"]
[White "Casablanca"]
[Black "Truequitos"]
[Result "1-0"]
[WhiteElo "2753"]
[BlackElo "2501"]
[TimeControl "180+1"]
[EndTime "14:27:30 PDT"]
[Termination "Casablanca won by resignation"]

1. Nf3 d5 2. c4 c6 3. d4 Nf6 4. Qb3 g6 5. g3 Bg7 6. Bg2 O-O 7.
O-O a6 8. Rd1 b5 9. cxd5 cxd5 10.
a4 Qa5 11. Bd2 Qb6 12. axb5 Bb7 13. Nc3 Nbd7 14. Be3 Bc6 15. Ne5 Bxb5 16. Nxd7 Nxd7 17. Nxd5 Qd8 18. Bg5 Nf6 19. Nxf6+ exf6 20. Bxa8 fxg5 21. Bf3 h5 22. e3 g4 23. Bg2 h4 24. Qd5 hxg3 25.
hxg3 Qf6 26. Rdc1 Bh6 27. Qe4 Bd7 28. Rc7 Bf5 29. Qc6 Qd8 30. Rxa6 Re8 31. Ra8 Qxa8 32.
Qxa8 Rxa8 33. Bxa8 1-0

[Event "Late-Titled-Tuesday-Blitz-October-17-2023"]
[Site "Chess.com"]
[Date "2023.10.17"]
[Round "3"]
[White "Baku_Boulevard"]
[Black "Rodalquilar"]
[Result "1-0"]
[WhiteElo "3009"]
[BlackElo "2780"]
[TimeControl "180+1"]
[EndTime "14:27:31 PDT"]
[Termination "Baku_Boulevard won by resignation"]

1. e4 d5 2. exd5 Qxd5 3. Nc3 Qa5 4. d4 Nf6 5. Nf3 Bf5 6. Bd2 e6 7. Bc4 Bb4 8. a3 Bxc3 9. Bxc3 Qb6 10. O-O Nc6 11. a4 a5 12. Qe2 O-O 13. Rad1 Rad8 14. h3 Rfe8 15. b3 Be4 16. Ne5 Nxd4 17. Bxd4 Rxd4 18.
c3 Rxd1 19. Rxd1 Bd5 20. Nd7 Nxd7 21. Bxd5 Nc5 22. Bc4 h6 23. Qe3 Rc8 24. Rd4 Nxb3 25. Bxb3 Qxb3 26. Rg4 Qd1+ 27. Kh2 Qd6+ 28. g3 Qb6 29.
Rd4 c6 30. h4 Rd8 31. Rd7 1-0

[Event "Late-Titled-Tuesday-Blitz-October-17-2023"]
[Site "Chess.com"]
[Date "2023.10.17"]
[Round "3"]
[White "Barmen_EV"]
[Black "pedromartinez91"]
[Result "1-0"]
[WhiteElo "2520"]
[BlackElo "2519"]
[TimeControl "180+1"]
[EndTime "14:27:34 PDT"]
[Termination "Barmen_EV won by resignation"]

1. Nf3 d5 2. b3 c5 3. Bb2 f6 4. d4 cxd4 5. Nxd4 e5 6. Nf3 Nc6 7. e3 Bb4+ 8. Nbd2 Nge7 9. a3 Ba5 10.
b4 Bc7 11. c4 Be6 12. cxd5 Nxd5 13. Bc4 O-O 14. O-O Kh8 15. Qe2 Qe7 16. Rfd1 Rfd8 17. Rac1 Rac8 18. Nb3 Bb6 19. h3 Nc7 20. Nfd2 a6 21.
Bxe6 Nxe6 22. Nc4 Bc7 23. Ba1 Rxd1+ 24. Rxd1 Rd8 25. Rc1 Qd7 26. Ncd2 Qd3 27. Qxd3 Rxd3 28. Rc3 Rxc3 29. Bxc3 b5 30. Kf1 Kg8 31. Ke2 Kf7 32.
Ne4 Ne7 33. Nec5 Nd5 34. Bd2 Nxc5 35. Nxc5 Bd6 36. Nxa6 Ke6 37. Kd3 Kd7 38. e4 Nc7 39. Nxc7 Bxc7 40. Be3 Kc6 41. g4 g6 42. f3 Bd6 43. Kc3 h5 44. Kb3 hxg4 45. fxg4 g5 46.
a4 Be7 47. a5 Kb7 48. Bc5 Bd8 49.
Kc3 Kc6 50. Bf8 Kb7 51. Kd3 Ka6 52. Ke3 Kb7 53. Kf3 Ka6 54. Kg3 Kb7 55. Bc5 Kc6 56. Kf3 Bxa5 57. Be7 Kd7 58. bxa5 Kxe7 59. a6 Kd6 60. a7 Kc5 61. a8=Q 1-0